 Dungeon Crawl Stone Soup version 0.27.0-1-g7a089689b8 (webtiles) character file.

Game seed: 11803268788273151315

214 snetch the Magician (level 6, 0/41 HPs)
             Began as a Djinni Fire Elementalist on Aug 6, 2021.
             Was a Believer of Wu Jian.
             Killed from afar by an orc wizard (2 damage)
             ... with a magic dart
             ... on level 4 of the Dungeon.
             The game lasted 00:07:45 (4268 turns).

snetch the Magician (Djinni Fire Elementalist)      Turns: 4268, Time: 00:07:45

Health: 0/41       AC:  6    Str:  7    XL:     6   Next: 15%
Gold:   68         EV: 10    Int: 18    God:    Wu Jian [**....] SH:  0 Dex: 14

rFire    + + .     SeeInvis +   s - +3 quarterstaff (chaos)
rCold    x . .     Faith    .   (shield currently unavailable)
rNeg     . . .     Spirit   .   h - +0 ring mail
rPois    ∞         Reflect  .   (no helmet)
rElec    .         Harm     .   t - +0 cloak
rCorr    .         Rampage  .   (no gloves)
Will     .....                  (boots unavailable)
Stlth    +.........             (no amulet)
HPRegen  0.13/turn              e - ring of see invisible
MPRegen  0.00/turn              (no ring)

@: flying, very slightly contaminated
A: sickness immunity, fire resistance 2, cold vulnerability 1, float, innate
caster, hp casting, extra vitality 1
a: Renounce Religion, Wall Jump


You were on level 4 of the Dungeon.
You worshipped Wu Jian.
Wu Jian was pleased with you.
You visited 1 branch of the dungeon, and saw 5 of its levels.

You collected 68 gold pieces.

Inventory:

Hand Weapons
 s - a +3 quarterstaff of chaos (weapon)
 u - a +0 mace of protection
 z - a +0 spear
Missiles
 b - 26 stones
 d - 33 sling bullets
 o - 8 boomerangs
 q - 40 arrows
 r - 24 bolts
 w - 2 throwing nets
Armour
 a - a +0 robe
 h - a +0 ring mail (worn)
 t - a +0 cloak (worn)
Jewellery
 e - a ring of see invisible (left hand)
 l - an amulet of faith
Scrolls
 f - a scroll of amnesia {unknown}
 i - a scroll of immolation
 m - a scroll of noise {unknown}
 n - a scroll of identify {unknown}
 p - a scroll of fear {unknown}
 v - a scroll of silence {unknown}
Potions
 c - 3 potions of degeneration {unknown}
 g - 2 potions of heal wounds {unknown}
 j - a potion of haste {unknown}
 k - a potion of curing {unknown}


   Skills:
 + Level 0.5 Fighting
 + Level 0.3 Armour
 + Level 3.0 Dodging
 + Level 2.5 Stealth
 + Level 4.2 Spellcasting


You couldn't memorise any spells.
You knew the following spells:

 Your Spells              Type           Power      Damage    Failure   Level
a - Foxfire               Conj/Fire      76%        2x1d7     9%          1
b - Conjure Flame         Conj/Fire      19%        6-21      26%         3
c - Inner Flame           Hex/Fire       19%        N/A       26%         3
d - Sticky Flame          Conj/Fire      19%        2d4       63%         4
e - Fireball              Conj/Fire      9%         3d6       93%         5
f - Magic Dart            Conj           76%        1d6       9%          1
g - Corpse Rot            Necr/Air       N/A        N/A       13%         2
Your spell library was empty.

Dungeon Overview and Level Annotations

Branches:
Dungeon (5/15)
 Temple: D:4-7

Altars:
Gozag
Nemelex Xobeh
Wu Jian

Shops:
D:1 *[


Innate Abilities, Weirdness & Mutations

You are immune to sickness and miasma.
You are immune to poison.
Your flesh is very heat resistant. (rF++)
You are vulnerable to cold. (rC-)
You float through the air rather than walking.
You learn spells naturally, not from books.
Your magical power is your life essence.
You have superior vitality. (+4 HP)


Message History

Found a stone staircase leading up.
There is a stone staircase leading up here.
The orc wizard hits you but does no damage.
The orc priest hits you with a +0 flail of draining!
You fly upwards.
There is a stone staircase leading down here.
You see here a worm corpse.
You miscast Foxfire.
Nothing appears to happen.
The orc priest mumbles some strange prayers to Beogh against you.
Beogh smites you!
* * * LOW HITPOINT WARNING * * *
The orc wizard hits you with a +0 dagger.
* * * LOW HITPOINT WARNING * * *
You are too injured to fight recklessly!
Unknown command.
You are too injured to fight recklessly!
Casting: Foxfire (safe; 9% risk of failure)
Press: ? - help, Q - select action, (/) - cycle Dir - look around, f - activate You conjure some foxfire!
* * * LOW HITPOINT WARNING * * *
The orc wizard hits you with a +0 dagger.
* * * LOW HITPOINT WARNING * * *
The orc priest looks braver for a moment.
Casting: Foxfire (safe; 9% risk of failure)
Press: ? - help, Q - select action, (/) - cycle Dir - look around, f - activate You conjure some foxfire!
* * * LOW HITPOINT WARNING * * *
The foxfire hits the orc wizard but does no damage.
The orc priest closely misses you.
The orc wizard mumbles some strange words.
The orc wizard flickers and vanishes for a moment.
The foxfire hits the orc wizard.
The orc wizard is heavily wounded.
The foxfire hits the orc priest.
The orc priest is moderately wounded.
The foxfire hits the orc priest.
The orc priest is moderately wounded.
The orc wizard casts a spell at you. The magic dart hits you.
You die...

.. ##+###########.
..##..............
..................
.$................
#...)............
#................
.#......@......#
...)....§oo....#
.#....#.#..†...#
## #...
#.#.#.....# <# #..
#.###.###.#
......# #. #..<#.#
# #####.# #
#####.# .. #.


You could see an orc priest and an orc wizard (invisible).

Vanquished Creatures
  A howler monkey (D:3)
  Crazy Yiuf (D:2)
  Jessica (D:2)
  4 gnolls (D:3)
  2 adders
  A white imp (D:4)
  2 worms
  4 dart slugs
  5 endoplasms
  A giant cockroach (D:1)
  6 hobgoblins
  2 jackals (D:1)
  6 kobolds
  3 quokkas
  A ball python (D:3)
  6 bats
  2 frilled lizards (D:1)
  2 goblins
  4 rats
54 creatures vanquished.

Vanquished Creatures (others)
  199 foxfires
199 creatures vanquished.

Grand Total: 253 creatures vanquished

Notes
Turn   | Place    | Note
-------+----------+-------------------------------------------
     0 | D:1      | snetch the Djinni Fire Elementalist began the quest for the
                  | Orb.
     0 | D:1      | Reached XP level 1. HP: 15/15 MP: 0/0
   385 | D:1      | Reached XP level 2. HP: 17/21 MP: 0/0
   618 | D:1      | Found Olyryusm's Assorted Antiques.
  1011 | D:1      | Reached XP level 3. HP: 23/25 MP: 0/0
  1011 | D:1      | Learned a level 1 spell: Magic Dart
  1016 | D:1      | Reached skill level 3 in Spellcasting
  1018 | D:1      | Found a faded altar of an unknown god.
  1028 | D:1      | Became a worshipper of the Wu Jian Council
  1028 | D:1      | Reached * piety under Wu Jian
  1191 | D:1      | Found Kodeclaf's Antique Armour Emporium.
  1880 | D:2      | Noticed Jessica
  1887 | D:2      | Killed Jessica
  1888 | D:2      | Reached XP level 4. HP: 28/31 MP: 0/0
  1952 | D:2      | Found a runed translucent door.
  1953 | D:2      | Noticed Crazy Yiuf
  2173 | D:3      | Reached XP level 5. HP: 14/36 MP: 0/0
  2173 | D:3      | Learned a level 2 spell: Corpse Rot
  2666 | D:2      | Reached ** piety under Wu Jian
  2896 | D:2      | Killed Crazy Yiuf
  2897 | D:2      | Reached skill level 4 in Spellcasting
  3448 | D:3      | Found a sparkling altar of Nemelex Xobeh.
  3464 | D:3      | Found an opulent altar of Gozag.
  3795 | D:3      | Reached XP level 6. HP: 8/41 MP: 0/0
  4262 | D:5      | Entered Level 5 of the Dungeon
  4268 | D:4      | Killed from afar by an orc wizard

Illustrated notes

Levels and vault maps discovered:
D:1:      wander_arrival_lonely_grave, layout_loops_cross, serial_shops, shop,
          shop, hellmonk_ecumenical_altar_blasted, minmay_door_square,
          corexii_hall_statues_i
D:2:      layout_loops_ring, uniq_crazy_yiuf_cottage, uniq_jessica
D:3:      layout_basic, mainiacjoe_overflow_24_doors,
          mainiacjoe_overflow_tiny_flanked
D:4:      layout_basic, nicolae_elyvilon_temple_path, lemuel_tele_altar,
          mainiacjoe_overflow_alcove_1
D:5:      layout_loops_ring

Skill      XL: |  1  2  3  4  5  6 |
---------------+-------------------+-----
Spellcasting   | 3 4 |  4.2
Stealth        | 2 |  2.5
Dodging        | 3 |  3.0
Fighting       | |  0.5
Armour         | |  0.3

Action                   |  1- 3 |  4- 6 || total
-------------------------+-------+-------++-------
Melee: Unarmed           |     4 |     1 ||     5
       Quarterstaff      |       |     2 ||     2
 Cast: Foxfire           |    63 |    64 ||   127
       Magic Dart        |     3 |     3 ||     6
Invok: Whirlwind         |     3 |     1 ||     4
       Lunge             |     1 |       ||     1
Armor: Robe              |     7 |     1 ||     8
       Ring mail         |       |     1 ||     1
Dodge: Dodged            |     6 |    16 ||    22
